 Dungeon Crawl Stone Soup version 0.25-a0-731-g0472a16d6a (webtiles) character file.

Game seed: 12888395541108976892, levelgen mode: deterministic

1726 Esekla the Magician (level 9, -1/46 HPs)
             Began as a Vine Stalker Skald on Apr 8, 2020.
             Was a Follower of Ashenzari.
             Slain by an orc warrior
             ... wielding a +0 long sword
              (14 damage)
             ... on level 6 of the Dungeon.
             The game lasted 01:40:57 (6334 turns).

Esekla the Magician (Vine Stalker Skald)            Turns: 6334, Time: 01:40:57

Health: -1/46      AC: 12    Str: 15    XL:     9   Next: 4%
Magic:  0/17       EV: 16    Int: 15    God:    Ashenzari [*.....]
Gold:   467        SH:  4    Dex: 14    Spells: 10/18 levels left

rFire    + . .     SeeInvis .   a - +0 falchion
rCold    + . .     Gourm    .   (no shield)
rNeg     . . .     Faith    .   H - +1 robe {rC+ rF+}
rPois    .         Spirit   +   (no helmet)
rElec    .         Reflect  +   w - +0 cloak
rCorr    .         Harm     .   j - +1 pair of gloves
MR       ++...                  (no boots)
Stlth    ++........             y - +4 amulet of reflection
HPRegen  0.55/turn              o - ring of protection from magic
MPRegen  0.15/turn              r - +3 ring of evasion

@: icy armour
A: fangs 3, regeneration 1, magic shield, antimagic bite, no potion heal 3, rot
immunity
a: Curse Item, Scrying, Renounce Religion


You were on level 6 of the Dungeon.
You worshipped Ashenzari.
Ashenzari was aware of your devotion.
You were not hungry.

You visited 1 branch of the dungeon, and saw 6 of its levels.

You collected 467 gold pieces.

Inventory:

Hand Weapons
 a - a +0 falchion (weapon)
 v - a +1 dagger of venom
 x - the +8 flail of Evisceration {drain, +Blink rPois rN+}
   (You found it on level 4 of the Dungeon)

   A truly terrible weapon, it drains the life of those it strikes.
   It protects you from poison.
   It protects you from negative energy.
   It lets you blink.
Missiles
 k - 7 javelins (quivered)
Armour
 j - a +1 pair of gloves (worn)
 w - a +0 cloak (worn)
 H - a +1 robe of resistance (worn)
Jewellery
 o - a ring of protection from magic (left hand)
 r - a +3 ring of evasion (right hand)
 y - a +4 amulet of reflection (around neck)
Wands
 z - a wand of scattershot (7)
 D - a wand of flame (13)
 E - a wand of digging (7)
Scrolls
 b - a scroll of blinking {unknown}
 f - 5 scrolls of teleportation
 g - a scroll of fear {unknown}
 h - 3 scrolls of remove curse
 l - 6 scrolls of identify
 m - 2 scrolls of magic mapping {unknown}
 p - a scroll of immolation {unknown}
 u - 2 scrolls of noise {unknown}
 A - a scroll of fog {unknown}
 B - a scroll of random uselessness {unknown}
Potions
 c - 7 potions of curing
 e - 2 potions of flight {unknown}
 i - a potion of heal wounds {unknown}
 n - 2 potions of ambrosia {unknown}
 q - a potion of experience {unknown}
 s - a potion of lignification {unknown}
 t - a potion of mutation {unknown}
 C - a potion of might {unknown}
 F - a potion of brilliance {unknown}
Comestibles
 d - 15 rations
 G - 4 chunks of flesh


   Skills:
 * Level 4.5 Fighting
 + Level 4.4 Long Blades
 + Level 0.8 Maces & Flails
 + Level 2.5 Armour
 + Level 2.9 Dodging
 + Level 1.7 Stealth
 * Level 5.0 Spellcasting
 + Level 4.0 Charms
 * Level 4.0 Translocations
 * Level 3.4 Ice Magic


You had 10 spell levels left.
You knew the following spells:

 Your Spells              Type           Power        Failure   Level  Hunger
a - Ozocubu's Armour      Chrm/Ice       ###.....     11%         3    ###....
b - Infusion              Chrm           ###.         3%          1    None
g - Shroud of Golubria    Chrm/Tloc      ###...       4%          2    ##.....
s - Song of Slaying       Chrm           ###.....     4%          2    ##.....

Your spell library contained the following spells:

 Spells                   Type           Power        Failure   Level  Hunger
 Spectral Weapon          Hex/Chrm       #.......     22%         3    ###....


Dungeon Overview and Level Annotations

Branches:
Dungeon (6/15)             Temple (0/1) D:5

Altars:
Ashenzari
Cheibriados
Dithmenos
Fedhas
Gozag
Kikubaaqudgha
Makhleb
Nemelex Xobeh
Okawaru
Qazlal
Vehumet

Shops:
D:4 }==(


Innate Abilities, Weirdness & Mutations

You have razor-sharp teeth.
Your natural rate of healing is unusually fast.
When hurt, damage is shared between your health and your magic reserves.
Your bite disrupts and absorbs the magic of your enemies.
Potions cannot restore your health.
You are immune to rotting.


Message History

The orc is almost dead.
The orc misses you.
You slash the orc!
You kill the orc!
The orc warrior hits you with a +0 long sword!
You block the orc's attack.
Unknown command.
You completely miss the orc warrior.
The orc warrior is moderately wounded.
The orc warrior hits you with a +0 long sword!
* * * LOW HITPOINT WARNING * * *
The orc closely misses you.
You slash the orc!
You kill the orc!
The orc warrior barely misses you.
You hit the orc warrior but do no damage.
Your bite misses the orc warrior.
The orc warrior is moderately wounded.
The orc warrior hits you with a +0 long sword!
You die...

########...##..#
##..##..# ######..##..#
#...........# ######
#.#####.###.# .....# #.#
#.###.###.....+ #.#
#.............# ####.###
#<............. .......#
#......@....%.#
.......###.....)o)......
.....................###
.......####...........#
.......# ##..........#
.......# #..........#
.......# #...######.#
.......# ##.......#..
.......# #..####+###


You could see an orc warrior.

Vanquished Creatures
  A hippogriff (D:5)
  Edmund (D:4)
  2 ogres (D:5)
  A hornet zombie (D:6)
  2 centaurs (D:6)
  3 bullfrogs
  A scorpion (D:6)
  2 crimson imps
  A bullfrog zombie (D:5)
  2 bullfrog skeletons
  A hound (D:5)
  A centaur skeleton (D:4)
  An orc priest (D:5)
  5 orc wizards
  An iguana (D:4)
  3 worker ants (D:4)
  A hound zombie (D:5)
  9 adders
  3 gnolls
  A shadow imp (D:5)
  3 oozes
  3 adder zombies
  8 worms
  5 leopard geckos
  23 orcs
  2 ball pythons
  5 bats
  2 giant cockroaches (D:3)
  2 goblins (D:2)
  10 hobgoblins
  5 jackals
  5 quokkas
  2 frilled lizards (D:2)
  7 kobolds
  A quokka skeleton (D:4)
  3 rats (D:3)
128 creatures vanquished.

Vanquished Creatures (others)
  6 toadstools (D:5)
6 creatures vanquished.

Grand Total: 134 creatures vanquished

Notes
Turn   | Place    | Note
-------+----------+-------------------------------------------
     0 | D:1      | Esekla the Vine Stalker Skald began the quest for the Orb.
     0 | D:1      | Reached XP level 1. HP: 11/11 MP: 4/4
   575 | D:1      | Reached skill level 1 in Armour
   575 | D:1      | Reached XP level 2. HP: 15/15 MP: 6/6
   821 | D:1      | Found a shattered altar of Ashenzari.
   826 | D:1      | Became a worshipper of Ashenzari the Shackled
   924 | D:2      | Found a blossoming altar of Fedhas.
   924 | D:2      | Found an ancient bone altar of Kikubaaqudgha.
   924 | D:2      | Found an iron altar of Okawaru.
   931 | D:2      | Reached XP level 3. HP: 10/18 MP: 4/7
  1502 | D:2      | Found a radiant altar of Vehumet.
  1507 | D:2      | Found a shadowy altar of Dithmenos.
  1515 | D:2      | Found a stormy altar of Qazlal.
  1661 | D:1      | Learned a level 2 spell: Shroud of Golubria
  1664 | D:1      | Learned a level 2 spell: Song of Slaying
  1752 | D:2      | Gained mutation: Your natural rate of healing is unusually
                  | fast. [Vine Stalker growth]
  1752 | D:2      | Reached XP level 4. HP: 23/23 MP: 9/9
  2373 | D:3      | Found a burning altar of Makhleb.
  2444 | D:3      | Reached skill level 3 in Spellcasting
  2521 | D:3      | Learned a level 3 spell: Ozocubu's Armour
  2810 | D:4      | Reached XP level 5. HP: 13/27 MP: 6/10
  3028 | D:4      | Reached skill level 1 in Ice Magic
  3060 | D:4      | Reached skill level 1 in Translocations
  3060 | D:4      | Reached XP level 6. HP: 5/32 MP: 3/11
  3073 | D:4      | Found Oddeshupla's Gadget Boutique.
  3561 | D:4      | Found Riuschuo's Jewellery Shoppe.
  3568 | D:4      | Found Fuuseuga's Jewellery Shop.
  3729 | D:4      | Found Ruqid's Weapon Shop.
  3807 | D:4      | Found a snail-covered altar of Cheibriados.
  3976 | D:4      | Got the flail of Evisceration {drain, +Blink rPois rN+}
  4052 | D:4      | Noticed Edmund
  4053 | D:4      | Identified the +8 flail of Evisceration {drain, +Blink
                  | rPois rN+} (You found it on level 4 of the Dungeon)
  4061 | D:4      | Killed Edmund
  4061 | D:4      | Reached skill level 1 in Stealth
  4061 | D:4      | Reached XP level 7. HP: 17/36 MP: 5/13
  4245 | D:5      | Entered Level 5 of the Dungeon
  4302 | D:5      | Found a staircase to the Ecumenical Temple.
  4493 | D:5      | Reached skill level 4 in Spellcasting
  4665 | D:4      | Gained mutation: You have razor-sharp teeth. [Vine Stalker
                  | growth]
  4665 | D:4      | Reached XP level 8. HP: 38/42 MP: 13/15
  4691 | D:5      | Noticed a hippogriff
  4706 | D:5      | Killed a hippogriff
  4955 | D:5      | Reached * piety under Ashenzari
  4997 | D:5      | Found an opulent altar of Gozag.
  4998 | D:5      | Found a sparkling altar of Nemelex Xobeh.
  6091 | D:5      | Upgraded the game from 0.25-a0-730-g633e9c3c14 to
                  | 0.25-a0-731-g0472a16d6a
  6170 | D:6      | Reached skill level 5 in Spellcasting
  6257 | D:6      | Reached XP level 9. HP: 39/46 MP: 14/17
  6334 | D:6      | Slain by an orc warrior

Levels and vault maps discovered:
D:1:      psy_arrival_heroes, layout_basic, evilmike_ruin_ashenzari
D:2:      layout_rooms, grunt_temple_overflow_diamond,
          gammafunk_temple_overflow_forgotten
D:3:      layout_loops_ring, bloody_makhleb
D:4:      layout_basic, kennysheep_little_box, serial_shops, shop,
          shop_fountains, nicolae_shop_crystal, nicolae_shop_trees,
          minmay_joined_circles, uniq_edmund
D:5:      layout_basic, grunt_temple_overflow_opulence,
          minmay_temple_entry_waves, first_ration, small_statue_intersection,
          minmay_gold_behind_fungi
D:6:      layout_basic, serial_shops, nicolae_shop_waterfront

Skill      XL: |  1  2  3  4  5  6  7  8 |
---------------+-------------------------+-----
Armour         | 1 2 |  2.5
Fighting       | 2 3 4 |  4.5
Long Blades    | 2 3 4 |  4.4
Spellcasting   | 3 4 5 |  5.0
Dodging        | 2 |  2.9
Ice Magic      | 1 2 3 |  3.4
Translocations | 1 2 4 |  4.0
Stealth        | 1 |  1.7
Charms         | 4 |  4.0
Maces & Flails | |  0.8

Action                   |  1- 3 |  4- 6 |  7- 9 || total
-------------------------+-------+-------+-------++-------
Melee: Falchion          |    76 |   263 |   234 ||   573
       Bite              |    23 |    85 |    93 ||   201
       Flail             |       |     8 |       ||     8
       Dagger            |       |       |    21 ||    21
Throw: Javelin           |       |       |     1 ||     1
 Cast: Ozocubu's Armour  |       |     1 |    11 ||    12
       Shroud of Golubri |       |       |     4 ||     4
       Song of Slaying   |       |       |     2 ||     2
  Use: Scroll            |       |     2 |       ||     2
       Potion            |       |     1 |       ||     1
 Stab: Distracted        |       |       |     1 ||     1
  Eat: Chunk             |     2 |     9 |     2 ||    13
       Ration            |       |       |     2 ||     2
Armor: Leather armour    |    28 |    69 |    48 ||   145
       Robe              |       |       |     5 ||     5
Dodge: Dodged            |    37 |   150 |   181 ||   368
Block: Other             |       |       |    40 ||    40
       Reflection        |       |       |     4 ||     4
       Rpst.: Falchion   |    16 |    45 |    57 ||   118

Table legend:
 A = Non-vault XP
 B = Vault XP
 C = Vault XP percentage of total XP
 D = Non-vault monster count
 E = Vault monster count
 F = Vault count percentage of total count
                 A         B        C        D         E       F
            +---------+---------+-------+---------+---------+-------
      Total |    2195 |     272 |  11.0 |     117 |      11 |   8.6
            +---------+---------+-------+---------+---------+-------
        D:1 |      30 |       0 |   0.0 |      11 |       0 |   0.0
        D:2 |      65 |       0 |   0.0 |      19 |       0 |   0.0
        D:3 |      70 |       0 |   0.0 |      24 |       0 |   0.0
        D:4 |     419 |     272 |  39.4 |      21 |      11 |  34.4
        D:5 |    1013 |       0 |   0.0 |      28 |       0 |   0.0
        D:6 |     598 |       0 |   0.0 |      14 |       0 |   0.0
            +---------+---------+-------+---------+---------+-------
